 Dungeon Crawl Stone Soup version 0.30-a0-585-g93115170b9 (webtiles) character file.

Game seed: 10103743213390954996

1750 Newt the Chucker (level 8, -3/64 HPs)
             Began as a Demonspawn Gladiator on Jan 1, 2023.
             Was an Elder of Okawaru.
             Slain by an ogre
             ... wielding a +0 halberd
              (13 damage)
             ... in a bailey.
             The game lasted 00:08:44 (5834 turns).

Newt the Chucker (Demonspawn Gladiator)             Turns: 5834, Time: 00:08:44

Health: -3/64      AC: 10    Str: 17    XL:     8   Next: 78%
Magic:  0/11       EV: 13    Int: 10    God:    Okawaru [****..]
Gold:   164        SH:  0    Dex: 14    Spells: 7/7 levels left

rFire   + . .      SeeInvis .    a - +0 rapier (venom)
rCold   . . .      Faith    .    (no shield)
rNeg    . . .      Spirit   +    x - +0 steam dragon scales
rPois   .          Reflect  .    c - +1 helmet
rElec   .          Harm     .    (no cloak)
rCorr   .          Rampage  .    (no gloves)
Will    .....                    (no boots)
Stlth   ++                       o - amulet of guardian spirit
HPRegen 0.30/turn                p - ring of protection from fire
MPRegen 0.12/turn                (no ring)

@: no status effects
A: icy blue scales 2, powered by pain 1, demonic touch 2
a: Renounce Religion, Heroism, Finesse


You were in a bailey.
You worshipped Okawaru.
Okawaru was greatly pleased with you.
You visited 1 branch of the dungeon, and saw 7 of its levels.
You also visited: Bailey.

You collected 244 gold pieces.
You spent 80 gold pieces at shops.

Inventory:

Hand Weapons
 a - a +0 rapier of venom (weapon)
 C - a +1 vampiric halberd
Missiles
 d - 2 throwing nets (quivered)
 e - 5 javelins
 f - 9 poisoned darts
 g - 4 atropa-tipped darts
 w - 16 stones
 B - a curare-tipped dart
Armour
 b - a +0 leather armour
 c - a +1 helmet (worn)
 m - a +0 scale mail
 n - an orb of guile
 v - a +0 leather armour of positive energy
 x - +0 steam dragon scales (worn)
Jewellery
 o - an amulet of guardian spirit (around neck)
 p - a ring of protection from fire (left hand)
 y - a ring of protection from fire
Scrolls
 q - a scroll of teleportation
 s - 2 scrolls of amnesia
 t - 3 scrolls of noise
 u - a scroll of brand weapon
 A - 2 scrolls of identify
Potions
 h - a potion of ambrosia
 i - 2 potions of might
 j - a potion of berserk rage
 k - a potion of attraction
 l - 2 potions of curing
 r - a potion of invisibility
 z - a potion of lignification {unknown}


   Skills:
 - Level 6.0 Fighting
 - Level 4.0 Short Blades
 - Level 6.0 Throwing
 - Level 3.0 Armour
 + Level 4.6 Dodging
 - Level 2.0 Stealth
 - Level 4.0 Invocations


You had 7 spell levels left.
You didn't know any spells.
Your spell library contained the following spells:

 Spells                   Type           Power      Damage    Failure   Level
 Blink                    Tloc           0%         N/A       50%         2
 Momentum Strike          Conj/Tloc      0%         3d8       50%         2
 Lesser Beckoning         Tloc           0%         N/A       75%         3


Dungeon Overview and Level Annotations

Branches:
Dungeon (7/15)             Bailey (1/1)
 Temple: D:4-7

Altars:
Okawaru

Shops:
D:7 *

Annotations:
D:5 3 runed translucent doors, wormed's ghost, weakling KoDe


Innate Abilities, Weirdness & Mutations

You are mostly covered in icy blue scales. (AC +3)
You sometimes gain a little power by taking damage.
Your touch may inflict irresistible damage on your foes.


Message History

The spriggan hits you from afar with a +0 trident.
The spriggan hits you with a +0 trident.
You hit the spriggan.
The spriggan is poisoned.
You touch the spriggan!
The spriggan is heavily wounded.
The ogre barely misses you.
The spriggan hits you but does no damage.
You miss the spriggan.
You touch the spriggan.
The spriggan is almost dead.
The spriggan hits you but does no damage.
The ogre hits you from afar with a +0 halberd!!
You miss the spriggan. Your touch misses the spriggan.
The spriggan is almost dead.
The spriggan hits you with a +0 trident!!
You focus on the pain.
You feel your power returning.
You are too injured to fight recklessly!
The ogre hits you with a +0 halberd!
* * * LOW HITPOINT WARNING * * *
The spriggan hits you with a +0 trident.
* * * LOW HITPOINT WARNING * * *
Things that are here:
a +0 glaive; an ogre corpse Unknown command.
You completely miss the ogre. You punch the ogre, but do no damage.
You kill the spriggan!
Okawaru is honoured by your kill. Okawaru grants you throwing weapons!
Something appears at your feet! The ogre completely misses you.
Training target 6.0 for Fighting reached!
Your Fighting skill increases to level 6!
You need to enable at least one skill for training.
You hit the ogre.
The ogre is moderately wounded.
You hit the ogre but do no damage.
The ogre is poisoned.
You touch the ogre!
The ogre is severely wounded.
The ogre hits you with a +0 halberd!
* * * LOW HITPOINT WARNING * * *
You barely miss the ogre.
The ogre is severely wounded.
The ogre hits you with a +0 halberd!
You die...

♣..###.....##
♣..~~~..∩...#
#..~~~......#
#..~~~......#
#..~~~......#
#..~~~..∩...#
♣♣..###.....##
##..## #.....#
♣)@## ##...##
#.O## ##.##
....# ###
.....# #####


You could see an ogre (very poisoned).

Vanquished Creatures
  A gargoyle (D:6)
  A spriggan (Bailey)
  A steam dragon (D:7)
  2 black bears
  An ogre (Bailey)
  A centaur (D:5)
  A kobold brigand (D:7)
  3 scorpions
  2 orc priests
  3 hounds (D:5)
  2 iguanas
  4 orc wizards
  10 adders
  6 gnolls
  2 white imps
  2 ufetubi (D:6)
  2 dart slugs
  16 orcs
  6 endoplasms
  6 giant cockroaches
  6 hobgoblins
  5 jackals (D:1)
  5 quokkas
  9 ball pythons
  3 bats
  4 frilled lizards
  4 goblins
  5 kobolds
  12 rats
125 creatures vanquished.

Notes
Turn   | Place    | Note
-------+----------+-------------------------------------------
     0 | D:1      | Newt the Demonspawn Gladiator began the quest for the Orb.
     0 | D:1      | Reached XP level 1. HP: 16/16 MP: 1/1
   103 | D:1      | Reached skill level 1 in Stealth
   544 | D:1      | Gained mutation: You are partially covered in icy blue
                  | scales. (AC +2) [demonic ancestry]
   544 | D:1      | Reached XP level 2. HP: 17/22 MP: 2/2
   685 | D:1      | Reached XP level 3. HP: 22/28 MP: 3/3
   739 | D:1      | Found a faded altar of an unknown god.
   758 | D:1      | Prayed at the altar of an unknown god.
   758 | D:1      | Became a worshipper of Warmaster Okawaru
   758 | D:1      | Reached * piety under Okawaru
  1633 | D:2      | Gained mutation: Your touch may inflict minor irresistible
                  | damage on your foes. [demonic ancestry]
  1633 | D:2      | Reached XP level 4. HP: 13/37 MP: 0/4
  2277 | D:2      | Gained mutation: You sometimes gain a little power by
                  | taking damage. [demonic ancestry]
  2277 | D:2      | Reached XP level 5. HP: 42/42 MP: 5/5
  2361 | D:3      | Noticed a black bear
  2371 | D:3      | Killed a black bear
  3184 | D:3      | Reached XP level 6. HP: 38/48 MP: 6/6
  3237 | D:4      | Reached ** piety under Okawaru
  3457 | D:4      | You fall into a shaft and drop 2 floors!
  3532 | D:5      | Entered Level 5 of the Dungeon
  3671 | D:5      | Noticed an ice beast
  3671 | D:5      | Noticed wormed's ghost (weakling KoDe)
  3677 | D:5      | Found a runed translucent gate.
  3677 | D:5      | Found a runed translucent gate.
  3678 | D:5      | Found a runed translucent gate.
  3704 | D:5      | Gained mutation: Your touch may inflict irresistible damage
                  | on your foes. [demonic ancestry]
  3704 | D:5      | Reached XP level 7. HP: 49/54 MP: 8/10
  4923 | D:6      | Reached *** piety under Okawaru
  5260 | D:6      | Noticed a gargoyle
  5272 | D:6      | Killed a gargoyle
  5273 | D:6      | Reached skill level 5 in Throwing
  5273 | D:6      | Gained mutation: You are mostly covered in icy blue scales.
                  | (AC +3) [demonic ancestry]
  5273 | D:6      | Reached XP level 8. HP: 38/60 MP: 5/11
  5770 | D:7      | Found Pow Zitu's Assorted Antiques.
  5775 | D:7      | Bought a scroll of identify for 40 gold pieces
  5775 | D:7      | Bought a scroll of identify for 40 gold pieces
  5785 | D:7      | Reached **** piety under Okawaru
  5793 | D:7      | Reached skill level 5 in Fighting
  5801 | D:7      | Found a flagged portal.
  5812 | Bailey   | Entered a bailey
  5831 | Bailey   | Received a gift from Okawaru
  5834 | Bailey   | Slain by an ogre

Illustrated notes

Levels and vault maps discovered:
D:1:      psy_arrival_conway, layout_loops_ring,
          nicolae_ecumenical_snake_handling
D:2:      layout_loops_ring, minmay_pentomino_s4
D:3:      layout_loops_corners
D:4:      minmay_evil_eye, layout_rooms, serial_shops, shop,
          nicolae_shop_waterfront, nicolae_shop_temple_entry_statues_fountains
D:5:      layout_loops_cross, gammafunk_ghost_split
D:6:      layout_cave_pods
D:7:      nicolae_cairo_tiling, layout_loops_ring,
          minmay_temple_entry_enclosed_plants, enter_bailey_2,
          nicolae_ossuary_entry_plus, serial_shops, kennysheep_little_box,
          uniq_prince_ribbit1
Bailey:   bailey_polearm_enchanted_keep_hellmonk, bailey

Skill      XL: |  1  2  3  4  5  6  7  8 |
---------------+-------------------------+-----
Stealth        | 1 2 |  2.0
Fighting       | 3 4 6 |  6.0
Short Blades   | 3 4 |  4.0
Armour         | 2 3 |  3.0
Invocations    | 4 |  4.0
Throwing       | 2 5 6 |  6.0
Dodging        | 4 |  4.6

Action                   |  1- 3 |  4- 6 |  7- 9 || total
-------------------------+-------+-------+-------++-------
Melee: Rapier            |   148 |   155 |   122 ||   425
       Punch             |     1 |     4 |     3 ||     8
       Touch             |       |    23 |    26 ||    49
Throw: Javelin           |     2 |       |     5 ||     7
       Throwing net      |       |     4 |     1 ||     5
       Dart              |       |     2 |       ||     2
  Use: Scroll            |     3 |    10 |     3 ||    16
       Potion            |       |     1 |       ||     1
 Stab: Sleeping          |       |     5 |     1 ||     6
       Held in net/web   |       |       |     1 ||     1
Armor: Leather armour    |    52 |    46 |    37 ||   135
       Scale mail        |       |    16 |       ||    16
       Steam dragon scal |       |       |     5 ||     5
Dodge: Dodged            |   116 |   106 |    92 ||   314

Table legend: (Time is in decaauts)
 A = Elapsed time spent in this place.
 B = Non-inter-level travel time spent in this place.
 C = Inter-level travel time spent in this place.
 D = Time resting spent in this place.
 E = Time spent auto-exploring this place.
 F = Levels seen in this place.
 G = Mean time per level.
                   A        B        C        D        E       F      G
               +--------+--------+--------+--------+--------+-----+--------+
         Total |   5855 |   5785 |     70 |   1372 |   3392 |   8 |  731.9 |
       Dungeon |   5832 |   5762 |     70 |   1372 |   3387 |   7 |  833.1 |
        Bailey |     23 |     23 |      0 |      0 |      5 |   1 |   23.0 |
               +--------+--------+--------+--------+--------+-----+--------+

Top non-repeatable levels by time:
     D:1: 1489 daAuts
     D:5: 1228 daAuts
     D:6: 1053 daAuts
     D:3: 926 daAuts
     D:2: 819 daAuts
     D:4: 242 daAuts
     D:7: 72 daAuts
  Bailey: 23 daAuts
